Map: Ruins of Seras

Players

AustrianOak - Winner!

  • Race: Terran Terran
  • League: Platinum

TnekKralc

  • Race: Zerg Zerg
  • League: Platinum

VOD

Have the link to the VOD?

Description

Time

  • Played on: Jan. 5, 2016, 9:06 p.m.
  • Length: 13:27
Show
View Real Time Build Order
Export as new Build Order

AustrianOak Terran - Winner!

Build Orders: Liberator Opening, Reaper Expand 

Get SALT Encoding   

  12  0:00  SCV  
  13  0:13  SCV  
  14  0:18  Supply Depot  
  14  0:25  SCV  
  15  0:40  SCV, Barracks  
  16  0:47  Refinery  
  16  0:52  SCV  
  17  1:04  SCV  
  18  1:16  SCV  
  19  1:29  Orbital Command  
  19  1:30  Reaper  
  20  1:49  Command Center  
  20  1:56  SCV  
  21  2:02  Marine  
  21  2:04  Supply Depot  
  22  2:12  SCV  
  23  2:17  Factory  
  23  2:22  Refinery  
  23  2:28  SCV  
  24  2:31  Barracks Reactor  
  24  2:40  SCV  
  25  2:52  SCV  
  25  2:58  Supply Depot  
  26  3:01  Starport  
  26  3:04  SCV  
  28  3:06  Orbital Command  
  27  3:14  Barracks Tech Lab  
  27  3:16  SCV  
  27  3:17  Hellion  
  30  3:22  Hellion  
  32  3:28  SCV  
  32  3:32  Liberator  
  33  3:38  SCV  
  33  3:41  SCV  
  34  3:42  Hellion  
  34  3:43  Hellion, Marine  
  39  3:50  SCV  
  43  3:56  Supply Depot  
  43  4:02  SCV  
  44  4:03  Hellion  
  44  4:05  SCV, Hellion  
  49  4:14  SCV  
  51  4:17  SCV  
  51  4:21  Liberator  
  51  4:22  Command Center  
  51  4:31  SCV x2  
  56  4:43  SCV x2  
  58  4:50  Barracks  
  58  4:52  Barracks  
  58  4:55  SCV  
  58  4:57  SCV  
  50  5:07  SCV  
  50  5:09  SCV  
  50  5:14  Liberator  
  50  5:19  SCV  
  50  5:21  SCV, Siege Tank  
  55  5:23  Marine x2  
  55  5:25  Refinery  
  55  5:27  Refinery  
  54  5:31  SCV  
  54  5:33  SCV  
  59  5:41  Orbital Command  
  59  5:43  SCV  
  59  5:45  Barracks Tech Lab x2, Marine x2  
  62  5:50  Engineering Bay  
  62  5:51  Engineering Bay  
  62  5:52  SCV  
  62  5:53  Siege Tank  
  62  5:55  SCV  
  67  6:04  SCV, Orbital Command, Marine x4  
  67  6:07  SCV  
  73  6:19  Terran Infantry Weapons Level 1, Terran Infantry Armor Level 1  
  73  6:22  Starport Reactor  
  73  6:23  Barracks  
  73  6:25  Marauder, Barracks, Marine x2  
  77  6:31  Supply Depot x2  
  77  6:32  Supply Depot  
  77  6:40  Missile Turret  
  77  6:53  Marauder x2, Siege Tank, Marine x2  
  86  7:08  SCV x3  
  88  7:10  Marine x2  
  88  7:14  Barracks Reactor, Marine x2  
  88  7:15  Barracks Reactor  
  93  7:25  Siege Tank  
  93  7:26  SCV x3  
  93  7:29  Medivac  
  101  7:34  Supply Depot  
  101  7:35  Supply Depot  
  101  7:36  Supply Depot, Refinery  
  101  7:37  Armory  
  101  7:38  Refinery  
  101  7:47  Barracks  
  101  7:48  Barracks  
  101  7:54  Command Center  
  101  7:56  SCV x3, Medivac, Marine x4  
  110  8:07  Combat Shields  
  110  8:08  SCV x3, Stimpack  
  113  8:14  Marine  
  113  8:15  Missile Turret, Marine  
  113  8:16  Missile Turret x2, Marine x5  
  113  8:17  Marauder  
  122  8:20  SCV  
  123  8:31  Medivac  
  125  8:56  Marine  
  125  8:57  Marine  
  125  8:58  Marine x3  
  125  8:59  Medivac, Marine  
  125  9:01  Marauder  
  125  9:02  Marauder  
  125  9:03  Siege Tank  
  118  9:13  Orbital Command  
  118  9:14  Marine  
  118  9:15  Marine x2  
  118  9:16  Marine x2  
  119  9:23  Marauder x2  
  120  9:26  Medivac  
  120  9:30  Marine  
  121  9:32  Marine  
  121  9:34  Liberator  
  121  9:35  Barracks Tech Lab, Siege Tank  
  121  9:36  Barracks Tech Lab, Terran Infantry Armor Level 2, Terran Infantry Weapons Level 2, Marine  
  122  9:39  Terran Vehicle Weapons Level 1  
  122  9:43  Orbital Command  
  122  9:44  Supply Depot, Marauder  
  122  9:45  Supply Depot x2, Marauder  
  124  9:58  Marine x5  
  124  9:59  Marauder x2  
  133  10:06  Marauder x2  
  137  10:14  Barracks  
  137  10:16  Missile Turret  
  137  10:17  Barracks  
  137  10:22  Siege Tank  
  137  10:23  Marine x4  
  137  10:24  Marine x4  
  148  10:29  Supply Depot x2  
  148  10:36  Missile Turret  
  148  10:37  Missile Turret  
  148  10:40  Supply Depot, Marine x2  
  148  10:41  Missile Turret, Marine  
  148  10:42  Missile Turret, Marauder x2  
  155  10:43  Medivac  
  155  10:44  Concussive Shells  
  157  10:56  Factory  
  157  10:57  Siege Tank  
  157  10:58  Marauder  
  157  10:59  Marine x4  
  157  11:03  Missile Turret  
  166  11:07  Liberator x2  
  166  11:12  Marine x2  
  166  11:13  SCV x2  
  166  11:16  Barracks Reactor  
  166  11:17  Barracks Reactor  
  166  11:18  Marine x2  
  171  11:19  Marauder x2  
  171  11:21  Marine  
  171  11:22  Marauder, Marine  
  171  11:23  Missile Turret, Marauder  
  188  11:29  Siege Tank  
  180  11:38  Marine x4  
  180  11:39  Marine  
  160  11:44  Marine x4  
  160  11:45  Marauder  
  160  11:56  Marine  
  160  11:57  Marine x2  
  160  11:58  Command Center, Marine x3  
  160  12:00  Factory Tech Lab  
  166  12:01  Siege Tank  
  166  12:02  Marauder x3  
  166  12:06  Marauder  
  166  12:07  Medivac x2  
  177  12:09  Marine  
  177  12:10  Marine x3  
  177  12:14  Marine  
  175  12:18  Marine x3  
  175  12:19  Marine x2  
  175  12:24  Marauder x3  
  175  12:28  Marauder  
  175  12:29  Marine  
  179  12:30  Marine x3  
  179  12:33  Marine  
  179  12:36  Marine  
  184  12:37  Medivac x2  
  188  12:53  Marauder  
  188  12:54  Marauder, Marine  
  188  12:57  Marauder, Marine  
  188  12:58  Marine  
  188  13:00  Marine  
  188  13:02  Marine  
  188  13:04  Marine  
  188  13:05  Marine  
  188  13:09  Marine x2  
  194  13:15  Starport  
  194  13:16  Starport  
  200  13:22  Starport  
Show
View Real Time Build Order
Export as new Build Order

TnekKralc Zerg 

Build Orders: Hatch First 

Get SALT Encoding   

  12  0:01  Drone  
  13  0:12  Overlord  
  13  0:18  Drone  
  14  0:33  Drone x2  
  16  0:37  Drone  
  17  0:55  Hatchery  
  16  0:59  Drone  
  16  1:00  Drone  
  18  1:12  Extractor  
  18  1:17  Spawning Pool  
  16  1:19  Drone  
  16  1:22  Drone  
  18  1:28  Drone  
  19  1:39  Overlord  
  19  2:08  Zergling x4  
  19  2:09  Queen, Zergling x2  
  19  2:10  Queen  
  19  2:15  Metabolic Boost  
  26  2:25  Drone x3  
  28  2:52  Drone x5  
  28  2:53  Queen  
  35  3:10  Hatchery, Overlord  
  35  3:12  Overlord  
  34  3:21  Roach Warren  
  34  3:23  Drone x2  
  35  3:51  Drone  
  35  3:52  Drone x6  
  35  3:55  Extractor  
  41  3:58  Lair  
  41  4:01  Roach x2  
  45  4:04  Roach  
  47  4:21  Drone x3  
  47  4:23  Queen  
  52  4:24  Roach  
  52  4:25  Roach  
  52  4:27  Drone  
  52  4:29  Overlord x2  
  57  4:35  Spore Crawler  
  54  4:41  Roach  
  56  4:49  Roach  
  56  4:50  Roach x4  
  57  5:23  Drone x14  
  71  5:31  Extractor  
  71  5:33  Drone x2  
  72  5:42  Zergling x2  
  73  5:58  Spore Crawler  
  72  6:13  Drone  
  72  6:17  Spore Crawler  
  72  6:18  Spore Crawler  
  71  6:22  Drone x2  
  71  6:24  Overlord x4  
  73  6:35  Glial Reconstitution  
  73  6:41  Overlord x2  
  73  6:42  Overlord  
  73  6:46  Drone x11  
  84  6:51  Evolution Chamber  
  84  6:52  Evolution Chamber  
  82  6:58  Spire  
  82  6:59  Extractor  
  82  7:00  Roach x5  
  90  7:05  Drone x2  
  90  7:06  Drone  
  92  7:17  Drone x5  
  92  7:18  Drone  
  92  7:20  Extractor x2  
  96  7:24  Roach  
  96  7:25  Roach  
  100  7:32  Zerg Missile Weapons Level 1, Zerg Ground Armor Level 1  
  100  7:40  Drone  
  100  7:41  Drone x4  
  105  7:46  Hatchery  
  104  8:04  Drone x2  
  104  8:05  Roach x7  
  120  8:15  Overlord x4  
  120  8:16  Overlord x2  
  120  8:26  Infestation Pit  
  119  8:29  Roach  
  121  8:45  Corruptor x2  
  121  8:46  Corruptor x5  
  135  8:48  Roach  
  135  8:49  Roach  
  109  9:12  Roach  
  109  9:13  Roach x11  
  121  9:22  Roach x2  
  121  9:23  Roach x3  
  129  9:32  Zergling x2  
  129  9:33  Zergling x4  
  122  9:49  Queen  
  124  9:54  Zerg Ground Armor Level 2, Zerg Missile Weapons Level 2  
  124  9:56  Hive  
  124  9:57  Roach  
  124  9:58  Roach x5  
  136  10:01  Ravager  
  137  10:18  Drone x4  
  137  10:21  Roach x5  
  143  10:22  Roach  
  153  10:49  Extractor  
  152  10:50  Extractor  
  152  10:54  Roach  
  152  10:55  Roach x11  
  175  11:04  Overlord x4  
  175  11:11  Zerg Flyer Armor Level 1  
  155  11:34  Roach  
  155  11:35  Roach  
  155  11:36  Roach x10  
  132  11:44  Roach x2  
  132  11:45  Roach x3  
  115  11:51  Roach  
  115  11:52  Roach x4  
  125  11:58  Ultralisk Cavern  
  122  12:08  Roach x3  
  116  12:13  Roach  
  116  12:14  Roach x4  
  89  12:24  Roach  
  89  12:25  Roach x4  
  79  12:41  Roach x6  
  77  12:59  Roach  
  77  13:00  Roach x5  
Tags
 
Add a new tag
Caveats
  • Supply blocks, unpowered buildings, or Contaminate may cause inaccurate times.
  • Supply counts are checked every 10 seconds.